 Dungeon Crawl Stone Soup version 0.20.1-1-g8b1a95d (webtiles) character file.

68 LiquoriceLizzard the Sneak (level 4, -6/24 HPs)
             Began as a Kobold Enchanter on Nov 5, 2017.
             Killed by divine providence
             ... invoked by an orc priest
              (14 damage)
             ... on level 3 of the Dungeon.
             The game lasted 00:22:07 (2562 turns).

LiquoriceLizzard the Sneak (Kobold Enchanter)       Turns: 2562, Time: 00:22:07

Health: -6/24      AC:  4    Str:  5    XL:     4   Next: 41%
Magic:  7/7        EV: 16    Int: 16    God:
Gold:   38         SH:  0    Dex: 16    Spells: 5/8 levels left

rFire    . . .     SeeInvis .   a - +1 dagger
rCold    . . .     Gourm    .   (shield restricted)
rNeg     . . .     Faith    .   b - +0 robe
rPois    .         Spirit   .   (no helmet)
rElec    +         Reflect  .   (no cloak)
rCorr    .         Harm     .   (no gloves)
MR       .....                  (no boots)
Stlth    +++.......             (no amulet)
Regen    0.1/turn               (no ring)
MPRegen  0.1/turn               (no ring)

@: no status effects
A: hooves 1, molten scales 1, carnivore 3, electricity resistance
a: no special abilities


You were on level 3 of the Dungeon.
You were very full.

You visited 1 branch of the dungeon, and saw 3 of its levels.

You collected 38 gold pieces.

Inventory:

Hand Weapons
 a - a +1 dagger (weapon)
Armour
 b - a +0 robe (worn)
 l - a +2 pair of gloves
Scrolls
 e - a scroll of teleportation
 f - a scroll of immolation {unknown}
 h - a scroll of fog {unknown}
 i - a scroll of enchant weapon {unknown}
 j - a scroll of identify {unknown}
 n - a scroll of magic mapping {unknown}
Books
 c - a book of Maledictions

   Spells                             Type                      Level
   a - Corona                         Hexes                        1
   b - Ensorcelled Hibernation        Hexes/Ice                    2
   c - Confuse                        Hexes                        3
   d - Tukima's Dance                 Hexes                        3
   e - Dazzling Spray                 Conjuration/Hexes            3
Comestibles
 d - 3 meat rations
 g - a royal jelly


   Skills:
 + Level 0.4 Fighting
 + Level 1.8 Short Blades
 + Level 3.2 Dodging
 + Level 4.6 Stealth
 * Level 2.5 Spellcasting
 + Level 3.6 Hexes
 + Level 0.4 Ice Magic


You had 5 spell levels left.
You knew the following spells:

 Your Spells              Type           Power        Failure   Level  Hunger
a - Corona                Hex            ##.....      4%          1    #......
b - Ensorcelled Hibernat  Hex/Ice        #.....       13%         2    ##.....


Dungeon Overview and Level Annotations

Branches:
Dungeon (3/15)

Altars:
Dithmenos

Annotations:
D:3 soepske's ghost, amateur DsTm


Innate Abilities, Weirdness & Mutations

You are small and have problems with some larger weapons.
You are carnivorous and can eat meat at any time.
You have large cloven feet.
You are partially covered in molten scales. (AC +2)
You are resistant to electric shocks. (rElec)


Message History

Level annotation: soepske's ghost, amateur DsTm The frilled lizard barely misses you.
There is a stone staircase leading up here.
You hit the frilled lizard.
You kill the frilled lizard!
The frilled lizard unfolds its giant frill.
You hit the goblin.
The goblin is heavily wounded.
The goblin misses you.
You barely miss the goblin.
The goblin is heavily wounded.
You hit the goblin.
The goblin is severely wounded.
The goblin hits you with a dagger.
You hit the goblin.
You kill the goblin!
The orc priest mumbles some strange prayers to Beogh against you.
Beogh smites you!
Ouch! That really hurt!
You die...

)....# .og..#
.>...# ##S...##
#...... #....#####
#o........
#..[..### #.#%#.#@#
#.#.#.#)#
...###†#.#.gg###
..........#logg.##
.......=.....##..##
............##....#
#######.#...#._...#
#.....##....#
####...##..##


You could see an orc priest, 2 gnolls, a hobgoblin, a goblin and a frilled
lizard.

Vanquished Creatures
  Robin (D:2)
  An ooze (D:1)
  A worm (D:3)
  A dart slug (D:1)
  2 leopard geckos (D:1)
  5 bats
  A giant cockroach (D:2)
  7 goblins
  8 hobgoblins
  A quokka (D:2)
  2 ball pythons (D:1)
  6 frilled lizards
  4 kobolds (D:1)
  8 rats
48 creatures vanquished.

Notes
Turn   | Place    | Note
-------+----------+-------------------------------------------
     0 | D:1      | LiquoriceLizzard the Kobold Enchanter began the quest for the Orb.
     0 | D:1      | Reached XP level 1. HP: 10/10 MP: 3/3
   355 | D:1      | Reached XP level 2. HP: 3/15 MP: 5/5
   944 | D:1      | Reached XP level 3. HP: 9/20 MP: 6/6
   948 | D:1      | Learned a level 2 spell: Ensorcelled Hibernation
  1999 | D:1      | Gained mutation: You are partially covered in molten scales. (AC +2) [potion of mutation]
  1999 | D:1      | Gained mutation: You are resistant to electric shocks. (rElec) [potion of mutation]
  1999 | D:1      | Gained mutation: You have large cloven feet. [potion of mutation]
  2002 | D:1      | Reached XP level 4. HP: 4/24 MP: 1/7
  2491 | D:3      | Noticed soepske's ghost (amateur DsTm)
  2503 | D:3      | Found a shadowy altar of Dithmenos.
  2522 | D:2      | Noticed Robin
  2540 | D:2      | Killed Robin
  2562 | D:3      | Killed from afar by an orc priest

Skill      XL: |  1  2  3 |
---------------+----------+-----
Dodging        | 3 |  3.2
Fighting       | |  0.4
Short Blades   | |  1.8
Stealth        | |  4.6
Spellcasting   | |  2.5
Hexes          | |  3.6
Ice Magic      | |  0.4

Action                   |  1- 3 |  4- 6 || total
-------------------------+-------+-------++-------
Melee: Dagger            |   157 |    40 ||   197
       Kick              |       |     3 ||     3
 Cast: Corona            |    14 |       ||    14
       Ensorcelled Hiber |     9 |     5 ||    14
  Use: Potion            |     2 |     2 ||     4
       Scroll            |       |     1 ||     1
 Stab: Sleeping          |    12 |     3 ||    15
  Eat: Chunk             |    12 |     2 ||    14
Armor: Robe              |    13 |     5 ||    18
       Skin              |       |    57 ||    57
Dodge: Dodged            |   127 |    56 ||   183
